 Dungeon Crawl Stone Soup version 0.23-a0-644-gb60d84b (webtiles) character file.

7558 Borgoz the Cleaver (level 11, -6/94 HPs)
             Began as a Ghoul Abyssal Knight on Jan 1, 2019.
             Was a High Priest of Lugonu.
             Splashed by an acid dragon's acid (18 damage)
             ... on level 9 of the Dungeon.
             The game lasted 00:21:52 (7816 turns).

Borgoz the Cleaver (Ghoul Abyssal Knight)           Turns: 7816, Time: 00:21:53

Health: -6/94      AC:  7    Str: 17    XL:     11   Next: 17%
Magic:  11/11      EV: 11    Int: 15    God:    Lugonu [*****.]
Gold:   305        SH:  0    Dex: 17    Spells: 10/10 levels left

rFire    + . .     SeeInvis .   f - +8 hand axe of Fedhas's Castigation {venom, rPois MR+ Int+4}
rCold    . . .     Gourm    .   (no shield)
rNeg     + + +     Faith    .   n - +0 scale mail
rPois    ∞         Spirit   .   D - +2 helmet
rElec    .         Reflect  .   o - +0 cloak
rCorr    .         Harm     .   q - +0 pair of gloves
MR       +++..                  A - +0 pair of boots of Trog's Benevolence {rPois rF+ rC- MR++} (curse)
Stlth    ..........             (no amulet)
HPRegen  0.00/turn              a - +6 ring of dexterity
MPRegen  0.12/turn              i - +4 ring of intelligence

@: about to teleport, corroded, rotting
A: rotting body, claws 1, carnivore, cold resistance 1, negative energy
resistance 3, inhibited regeneration, torment resistance, unbreathing
a: Depart the Abyss, Bend Space, Banish, Corrupt, Enter the Abyss, Renounce
Religion


You were on level 9 of the Dungeon.
You worshipped Lugonu.
Lugonu was extremely pleased with you.
You were not hungry.

You visited 2 branches of the dungeon, and saw 10 of its levels.
You visited the Abyss 1 time.

You collected 599 gold pieces.
You spent 294 gold pieces at shops.

Inventory:

Hand Weapons
 d - a +3 dagger of chaos
 f - the +8 hand axe of Fedhas's Castigation (weapon) {venom, rPois MR+ Int+4}
   (You found it on level 4 of the Dungeon)

   It poisons the flesh of those it strikes.
   It affects your intelligence (+4).
   It protects you from poison.
   It affects your resistance to hostile enchantments.
 k - a +2 quarterstaff of chaos
 E - a +3 scimitar of flaming
Missiles
 b - 3 tomahawks (quivered)
Armour
 n - a +0 scale mail (worn)
 o - a +0 cloak (worn)
 q - a +0 pair of gloves (worn)
 r - a +0 pair of boots of stealth
 A - the cursed +0 pair of boots of Trog's Benevolence (worn) {rPois rF+ rC- MR++}
   (You bought it in a shop on level 6 of the Dungeon)

   It protects you from fire.
   It makes you vulnerable to cold.
   It protects you from poison.
   It affects your resistance to hostile enchantments.
   It has a curse placed upon it.
 D - a +2 helmet (worn)
Jewellery
 a - a +6 ring of dexterity (left hand)
 h - an uncursed ring of fire
 i - a +4 ring of intelligence (right hand)
 s - an uncursed ring of wizardry
 v - an uncursed ring of ice
 w - an uncursed ring of fire
Wands
 j - a wand of flame (10)
 y - a wand of random effects (13)
 B - a wand of paralysis (1)
Scrolls
 g - 7 scrolls of remove curse
 l - 2 scrolls of enchant weapon
 m - 2 scrolls of blinking
 u - 3 scrolls of enchant armour
 z - 2 scrolls of amnesia
 F - a scroll of brand weapon
 H - a scroll of magic mapping
 I - a scroll of vulnerability {unknown}
Potions
 e - a potion of cancellation
 t - a potion of flight
 x - 2 potions of lignification
 G - a potion of mutation
Comestibles
 c - 23 rations
 p - 14 chunks of flesh


   Skills:
 + Level 8.0 Fighting
 * Level 11.9 Axes
 + Level 7.0 Armour
 + Level 3.4 Dodging
 + Level 2.0 Invocations
 + Level 1.0 Evocations


You had 10 spell levels left.
You didn't know any spells.
Your spell library contained the following spells:

 Spells                   Type           Power        Failure   Level  Hunger
 Summon Small Mammal      Summ           #...         61%         1    ##.....
 Call Imp                 Summ           #.......     75%         2    ###....
 Call Canine Familiar     Summ           #.......     93%         3    ####...
 Summon Guardian Golem    Hex/Summ       #.......     93%         3    ####...
 Summon Ice Beast         Ice/Summ       #.......     100%        4    #####..
 Summon Lightning Spire   Summ/Air       #.......     100%        4    #####..


Dungeon Overview and Level Annotations

Branches:
Dungeon (9/15)             Temple (1/1) D:5            Lair (0/6) D:8
    Orc (0/2) D:9

Altars:
Ashenzari
Cheibriados
Dithmenos
Elyvilon
Fedhas
Gozag
Hepliaklqana
Kikubaaqudgha
Makhleb
Nemelex Xobeh
Okawaru
Qazlal
Ru
Sif Muna
Trog
Uskayaw
Vehumet
Wu Jian
Xom
Yredelemnul
Zin
The Shining One

Shops:
D:4 *   D:6 [:*(*

Annotations:
D:8 Harold


Innate Abilities, Weirdness & Mutations

Your body is rotting away.
You thrive on raw meat.
You are immune to poison.
You have sharp fingernails.
You are carnivorous and can eat meat at any time.
Your flesh is cold resistant. (rC+)
You are immune to negative energy. (rN+++)
You do not regenerate when monsters are visible.
You are immune to unholy pain and torment.
You can survive without breathing.


Message History

The acid dragon is heavily wounded.
The acid dragon bites you but does no damage.
The acid dragon claws you but does no damage.
A kobold comes into view. It is wielding a +0 whip.
You hit the acid dragon.
The acid dragon is poisoned.
The acid dragon is severely wounded.
A kobold comes into view. It is wielding a +0 whip.
The acid dragon spits acid at you. The splash of acid hits you!
The acid corrodes you!
You are splashed with acid!
The acid burns!
* * * LOW HITPOINT WARNING * * *
You hear a shout!
You hear an angry growl.
As you read the scroll of teleportation, it crumbles to dust.
You feel strangely unstable.
A kobold comes into view.
The acid dragon spits acid at you. The splash of acid hits you!
* * * LOW HITPOINT WARNING * * *
The acid corrodes you!
You are splashed with acid!
The acid burns!
You die...

### ######### # ..#
#..#.##.# ..
..########..#.##.######.##.
...........................
..#.######...............≈.
..#.# #...#.##.####..≈.≈≈
..#.# #...#.##.# ..≈≈≈
..#.####....#.##.# .≈≈≈
............#.##@# ≈D;
...............#D# ≈≈
..#.###.........KK K
................K.K
..#.###.....##.#.###
.<.....>....##.#.#
>.....)......#.#.#
..#...(...........
..#..##......#.


You could see an acid dragon, a big kobold and 3 kobolds.

Vanquished Creatures
  Erica (D:8)
  A two-headed ogre (D:9)
  Psyche (D:8)
  3 polar bears (D:9)
  Sigmund (D:2)
  A spriggan (D:7)
  Eustachio (D:6)
  Duvessa (D:4)
  5 orc warriors
  A hornet zombie (D:8)
  4 ice beasts
  4 sky beasts
  4 phantoms
  5 ogres
  3 centaurs
  10 bullfrogs
  A gnoll sergeant (D:7)
  Dowan (D:4)
  2 scorpions
  4 killer bees
  A howler monkey (D:4)
  An electric eel (D:9)
  4 crimson imps
  2 quasits
  6 hounds
  Crazy Yiuf (D:3)
  A centaur skeleton (D:7)
  6 orc priests
  5 orc wizards
  4 bullfrog skeletons
  Jessica (D:2)
  2 iguanas
  6 worker ants
  A centaur simulacrum (D:9)
  2 hound skeletons
  8 gnolls
  6 adders
  3 white imps (D:9)
  A worker ant simulacrum (D:9)
  An ooze (D:4)
  An adder zombie (D:9)
  5 worms
  A dart slug (D:2)
  An adder simulacrum (D:9)
  3 leopard geckos
  29 orcs
  4 ball pythons
  4 bats
  7 giant cockroaches
  A goblin (D:1)
  7 hobgoblins
  8 jackals
  7 kobolds
  A quokka (D:8)
  7 frilled lizards
  A leopard gecko zombie (D:5)
  7 rats
210 creatures vanquished.

Notes
Turn   | Place    | Note
-------+----------+-------------------------------------------
     0 | Abyss:1  | Borgoz the Ghoul Abyssal Knight began the quest for the
                  | Orb.
     0 | Abyss:1  | Reached XP level 1. HP: 19/19 MP: 1/1
    51 | Abyss:1  | Noticed a rakshasa
    53 | D:1      | Escaped the Abyss
   278 | D:1      | Reached XP level 2. HP: 27/27 MP: 2/2
   290 | D:1      | Reached * piety under Lugonu
   294 | D:1      | Reached skill level 1 in Dodging
   315 | D:1      | Reached skill level 2 in Axes
   733 | D:2      | Reached XP level 3. HP: 16/33 MP: 3/3
  1122 | D:2      | Noticed Sigmund
  1156 | D:2      | Killed Sigmund
  1156 | D:2      | Reached skill level 4 in Axes
  1156 | D:2      | Reached XP level 4. HP: 13/41 MP: 4/4
  1156 | D:2      | Reached XP level 5. HP: 15/47 MP: 5/5
  1435 | D:2      | Reached XP level 6. HP: 48/53 MP: 6/6
  1583 | D:2      | Noticed Jessica
  1594 | D:2      | Killed Jessica
  1980 | D:3      | Reached ** piety under Lugonu
  1987 | D:3      | Found a stormy altar of Qazlal.
  2028 | D:4      | Got a fine hand axe
  2081 | D:3      | Found a runed door.
  2284 | D:3      | Found a radiant altar of Vehumet.
  2497 | D:3      | Identified the +8 hand axe of Fedhas's Castigation {venom,
                  | rPois MR+ Int+4} (You found it on level 4 of the Dungeon)
  2499 | D:3      | Noticed Crazy Yiuf
  2502 | D:3      | Killed Crazy Yiuf
  2562 | D:4      | Noticed Duvessa
  2563 | D:4      | Noticed Dowan
  2598 | D:4      | Killed Duvessa
  2598 | D:4      | Reached skill level 5 in Axes
  2598 | D:4      | Reached XP level 7. HP: 44/60 MP: 7/7
  2616 | D:4      | Killed Dowan
  2853 | D:4      | Reached skill level 5 in Fighting
  2896 | D:4      | Found a deep blue altar of Sif Muna.
  2901 | D:4      | Found a burning altar of Makhleb.
  2901 | D:4      | Found an ornate altar of the Wu Jian Council.
  2902 | D:4      | Found a bloodstained altar of Trog.
  3057 | D:4      | Reached skill level 6 in Axes
  3057 | D:4      | Reached XP level 8. HP: 61/68 MP: 8/8
  3233 | D:4      | Found Ytittor's Assorted Antiques.
  3590 | D:5      | Entered Level 5 of the Dungeon
  3767 | D:5      | Reached *** piety under Lugonu
  3774 | D:5      | Reached skill level 7 in Axes
  3944 | D:5      | Found a staircase to the Ecumenical Temple.
  3962 | Temple   | Entered the Ecumenical Temple
  4529 | D:6      | Noticed Eustachio
  4537 | D:6      | Killed Eustachio
  4537 | D:6      | Reached skill level 8 in Axes
  4562 | D:6      | Reached XP level 9. HP: 68/74 MP: 9/9
  4594 | D:6      | Reached skill level 5 in Armour
  4909 | D:6      | Found an opulent altar of Gozag.
  4925 | D:6      | Found a sparkling altar of Nemelex Xobeh.
  4956 | D:6      | Reached skill level 9 in Axes
  5007 | D:6      | Found Assat's General Store.
  5102 | D:6      | Found Zytif's Book Shoppe.
  5211 | D:6      | Found Worouw's Antique Armour Shoppe.
  5216 | D:6      | Bought a pair of distressingly furry boots for 294 gold
                  | pieces
  5221 | D:6      | Identified the cursed +0 pair of boots of Trog's
                  | Benevolence {rPois rF+ rC- MR++} (You bought it in a shop
                  | on level 6 of the Dungeon)
  5279 | D:6      | Found Picseudd's Antique Weapon Emporium.
  5299 | D:6      | Found Mery's General Store.
  5802 | D:7      | Found a shadowy altar of Dithmenos.
  5813 | D:7      | Reached skill level 10 in Axes
  5837 | D:7      | Reached XP level 10. HP: 75/84 MP: 10/10
  5905 | D:8      | Noticed Psyche
  6093 | D:8      | Found a staircase to the Lair.
  6158 | D:8      | Noticed Harold
  6369 | D:8      | Reached **** piety under Lugonu
  6416 | D:8      | Killed Psyche
  6681 | D:8      | Noticed Erica
  6696 | D:8      | Killed Erica
  6700 | D:8      | Identified a scroll of acquirement
  6927 | D:9      | Found a staircase to the Orcish Mines.
  6933 | D:9      | Found Zufruon's Weapon Emporium.
  7025 | D:9      | Reached skill level 11 in Axes
  7130 | D:9      | Reached skill level 1 in Evocations
  7637 | D:9      | Reached XP level 11. HP: 47/94 MP: 11/11
  7703 | D:9      | Noticed a two-headed ogre
  7715 | D:9      | Killed a two-headed ogre
  7715 | D:9      | Reached ***** piety under Lugonu
  7816 | D:9      | Splashed by an acid dragon's acid

Vault maps used:
D:1:      mrwooster_arrival_statue_3, minivault_4
D:2:      uniq_jessica, uniq_sigmund
D:3:      vehumet_crystals, first_ration, nicolae_qazlal_general_emergency,
          uniq_crazy_yiuf_cottage
D:4:      chequers_temple_overflow_statue_of_worship, serial_co_window_serial,
          co_window_cross_1, co_window_paths_a, co_window_cross_1,
          co_window_paths_b, co_window_paths_b, co_window_2corner,
          co_window_paths_c, co_window_of_opportunity_b, co_window_cross_3,
          co_window_4corner_a, glass_columns_c, glass_columns_a,
          glass_columns_a, glass_columns_c, glass_columns_a, serial_shops,
          kennysheep_mini_moat, grunt_tough_drop, uniq_duvessa
D:5:      temple_green, hangedman_glass_teeth, st_stairs_10, minivault_19
D:6:      basic_altar, serial_shops, shop, nicolae_shop_behind_doors,
          nicolae_shop_temple_entry_statues_fountains, kennysheep_little_box,
          shop, nemelex_xobeh_ov_fountains_minmay, uniq_eustachio
D:7:      the_bakery, minmay_misc_feat_nine_boxes, grunt_dithmenos_shadows
D:8:      marbit_many_paths, lair_entry_dummy, roderic_roman_lattice,
          minmay_misc_feat_x, columned_hall_lemuel,
          eino_small_chamber_without_monster, uniq_harold, uniq_psyche,
          uniq_erica
D:9:      orc_david_3, serial_ice, serial_ice_k, serial_ice_h, serial_ice_m,
          serial_ice_a, serial_ice_d, serial_ice_o, serial_ice_c, serial_ice_g,
          serial_ice_f, serial_ice_b, wad_floor_pattern_untrapped, uniq_erolcha
Temple:   nicolae_temple_elliptical
Abyss:1:  hangedman_cross_veins

Skill      XL: |  1  2  3  4  5  6  7  8  9 10 11 |
---------------+----------------------------------+-----
Dodging        | 1 2 3 |  3.4
Axes           | 2 4 5 6 8 10 11 | 11.9
Fighting       | 4 5 6 7 8 |  8.0
Armour         | 2 3 4 5 6 7 |  7.0
Evocations     | 1 |  1.0
Invocations    | |  2.0

Action                   |  1- 3 |  4- 6 |  7- 9 | 10-12 || total
-------------------------+-------+-------+-------+-------++-------
Melee: Hand axe          |   108 |   171 |   241 |   245 ||   765
Invok: Depart the Abyss  |     1 |       |       |       ||     1
Evoke: Wand              |       |       |       |    13 ||    13
  Use: Potion            |     7 |     1 |       |     4 ||    12
       Scroll            |       |     9 |     3 |     7 ||    19
 Stab: Distracted        |       |       |     1 |       ||     1
       Paralysed         |       |       |       |    11 ||    11
  Eat: Chunk             |    16 |     9 |    18 |    27 ||    70
Armor: Leather armour    |    23 |       |       |       ||    23
       Scale mail        |    10 |    73 |    85 |   127 ||   295
Dodge: Dodged            |    68 |    98 |    99 |   112 ||   377

Table legend:
 A = Non-vault XP
 B = Vault XP
 C = Vault XP percentage of total XP
 D = Non-vault monster count
 E = Vault monster count
 F = Vault count percentage of total count
                 A         B        C        D         E       F
            +---------+---------+-------+---------+---------+-------
      Total |    6495 |    4303 |  39.8 |     176 |      34 |  16.2
            +---------+---------+-------+---------+---------+-------
        D:1 |      22 |       0 |   0.0 |      15 |       0 |   0.0
        D:2 |     109 |     257 |  70.2 |      25 |       2 |   7.4
        D:3 |      77 |      41 |  34.7 |      19 |       1 |   5.0
        D:4 |     445 |     351 |  44.1 |      15 |       4 |  21.1
        D:5 |     604 |     130 |  17.7 |      16 |       4 |  20.0
        D:6 |    1402 |     182 |  11.5 |      24 |       1 |   4.0
        D:7 |     809 |     325 |  28.7 |      23 |       2 |   8.0
        D:8 |     943 |    1363 |  59.1 |      14 |       2 |  12.5
        D:9 |    2084 |    1654 |  44.2 |      25 |      18 |  41.9
            +---------+---------+-------+---------+---------+-------
